MLB
TORONTO BLUE JAYS @ BALTIMORE ORIOLES
08/11/2047
 
TOP OF THE 1ST
Toronto Blue Jays batting - Pitching for Baltimore Orioles : LHP Silas Chinn
Pitching: LHP Silas Chinn
Batting: SHB Matt Altieri 0-0: Foul Ball, location: 2F
0-1: Foul Ball, location: 2F
0-2: Foul Ball, location: 2F
0-2: Ball
1-2: Ball
2-2: Fly out, F2 (Popup, 3SF, EV 75.0 MPH)
Batting: RHB David Casas 0-0: Foul Ball, location: 2F
0-1: Ball
1-1: Ball
2-1: Ball
3-1: Ground out 6-3 (Groundball, 6, EV 101.9 MPH)
Batting: SHB Dylan Novakowski 0-0: Foul Ball, location: 2F
0-1: Ball
1-1: Ball
2-1: Ball
3-1: Base on Balls
Batting: RHB Kirk Arp 0-0: Ball
Dylan Novakowski is caught stealing 2nd base 2-4
Top of the 1st over - 0 runs, 0 hits, 0 errors, 0 left on base; Toronto 0 - Baltimore 0
BOTTOM OF THE 1ST
Baltimore Orioles batting - Pitching for Toronto Blue Jays : RHP Tony Rios
Pitching: RHP Tony Rios
Batting: LHB Jesus Lozano 0-0: Ball
1-0: Ball
2-0: Called Strike
2-1: Swinging Strike
2-2: Foul Ball, location: 2F
2-2: Foul Ball, location: 2F
2-2: SINGLE (Groundball, 23, EV 67.5 MPH) (infield hit)
Batting: RHB Vince Jackson 0-0: Called Strike
0-1: Fly out, F9 (Flyball, 9LD, EV 102.5 MPH)
Batting: SHB Jason Hayes 0-0: Ball
1-0: Fly out, F8 (Line Drive, 8LM, EV 90.6 MPH)
Batting: RHB Rudo Garciaparra 0-0: Ball
Wild Pitch!
Jesus Lozano to second
1-0: Called Strike
1-1: Ball
2-1: Foul Ball, location: 2F
2-2: Strikes out swinging
Bottom of the 1st over - 0 runs, 1 hit, 0 errors, 1 left on base; Toronto 0 - Baltimore 0
TOP OF THE 2ND
Toronto Blue Jays batting - Pitching for Baltimore Orioles : LHP Silas Chinn
Batting: RHB Kirk Arp 0-0: Ball
1-0: Swinging Strike
1-1: Called Strike
1-2: Foul Ball, location: 2F
1-2: Fly out, F2 (Popup, 25F, EV 76.2 MPH)
Batting: LHB Nate Dean 0-0: Called Strike
0-1: Swinging Strike
0-2: Ball
1-2: Fly out, F7 (Line Drive, 7, EV 98.1 MPH)
Batting: RHB Danny Burnside 0-0: Ball
1-0: Ball
2-0: Ball
3-0: Base on Balls
Batting: RHB Donny Burnside 0-0: Foul Ball, location: 2F
0-1: Ball
1-1: Ground out 5-3 (Groundball, 56S, EV 84.4 MPH)
Top of the 2nd over - 0 runs, 0 hits, 0 errors, 1 left on base; Toronto 0 - Baltimore 0
BOTTOM OF THE 2ND
Baltimore Orioles batting - Pitching for Toronto Blue Jays : RHP Tony Rios
Batting: LHB Brad Pepin 0-0: Foul Ball, location: 2F
0-1: SINGLE (Groundball, 6MD, EV 95.0 MPH)
Batting: SHB Robert Handy 0-0: Ball
1-0: Foul Ball, location: 2F
1-1: Called Strike
1-2: Ball
2-2: Foul Ball, location: 2F
2-2: Foul Ball, location: 2F
2-2: Foul Ball, location: 2F
2-2: Strikes out swinging
Batting: LHB Tommy Luce 0-0: Ball
Brad Pepin steals 2nd base (no throw)
1-0: Swinging Strike
1-1: Called Strike
1-2: Strikes out swinging
Batting: SHB Gareth Busby 0-0: Ball
1-0: Swinging Strike
1-1: Ball
2-1: Ball
3-1: Foul Ball, location: 2F
3-2: Base on Balls
Batting: RHB Marc Peckermark 0-0: Fly out, F9 (Line Drive, 9, EV 95.6 MPH)
Bottom of the 2nd over - 0 runs, 1 hit, 0 errors, 2 left on base; Toronto 0 - Baltimore 0
TOP OF THE 3RD
Toronto Blue Jays batting - Pitching for Baltimore Orioles : LHP Silas Chinn
Batting: LHB Michael Byrd 0-0: Foul Ball, location: 2F
0-1: Ball
1-1: Ground out 4-3 (Groundball, 4, EV 91.9 MPH)
Batting: RHB Justin Powell 0-0: Called Strike
0-1: SINGLE (Groundball, 6MD, EV 103.1 MPH)
Batting: SHB Matt Altieri 0-0: Ball
1-0: Ball
Justin Powell steals 2nd base
2-0: Foul Ball, location: 2F
2-1: Ball
3-1: Base on Balls
Batting: RHB David Casas 0-0: Ground out 5-3 (Groundball, 56S, EV 76.2 MPH)
Justin Powell to third
Matt Altieri to second
Batting: SHB Dylan Novakowski 0-0: Ground out 5-3 (Groundball, 5, EV 98.1 MPH)
Top of the 3rd over - 0 runs, 1 hit, 0 errors, 2 left on base; Toronto 0 - Baltimore 0
BOTTOM OF THE 3RD
Baltimore Orioles batting - Pitching for Toronto Blue Jays : RHP Tony Rios
Batting: LHB Jesus Lozano 0-0: Ball
1-0: Called Strike
1-1: Foul Ball, location: 2F
1-2: Ball
2-2: Ground out 4-3 (Groundball, 34D, EV 90.6 MPH)
Batting: RHB Vince Jackson 0-0: Ball
1-0: Ground out 6-3 (Groundball, 6S, EV 74.4 MPH)
Batting: SHB Jason Hayes 0-0: Foul Ball, location: 2F
0-1: Swinging Strike
0-2: Strikes out looking
Bottom of the 3rd over - 0 runs, 0 hits, 0 errors, 0 left on base; Toronto 0 - Baltimore 0
TOP OF THE 4TH
Toronto Blue Jays batting - Pitching for Baltimore Orioles : LHP Silas Chinn
Batting: RHB Kirk Arp 0-0: Called Strike
0-1: Ball
1-1: Called Strike
1-2: Strikes out looking
Batting: LHB Nate Dean 0-0: Called Strike
0-1: Fly out, F8 (Line Drive, 8LM, EV 95.0 MPH)
Batting: RHB Danny Burnside 0-0: Called Strike
0-1: Swinging Strike
0-2: Fly out, F8 (Flyball, 8LM, EV 86.9 MPH)
Top of the 4th over - 0 runs, 0 hits, 0 errors, 0 left on base; Toronto 0 - Baltimore 0
BOTTOM OF THE 4TH
Baltimore Orioles batting - Pitching for Toronto Blue Jays : RHP Tony Rios
Batting: RHB Rudo Garciaparra 0-0: Ball
1-0: Foul Ball, location: 2F
1-1: Foul Ball, location: 2F
1-2: Fly out, F8 (Flyball, 8RXD, EV 100.0 MPH)
Batting: LHB Brad Pepin 0-0: Foul Ball, location: 2F
0-1: SOLO HOME RUN (Flyball, 89XD, EV 101.2 MPH), Distance : 398 ft
Batting: SHB Robert Handy 0-0: Called Strike
0-1: Ball
1-1: SOLO HOME RUN (Line Drive, 7LD, EV 92.5 MPH), Distance : 347 ft
Batting: LHB Tommy Luce 0-0: Ground out U3 (Groundball, 3, EV 92.5 MPH)
Batting: SHB Gareth Busby 0-0: Ball
1-0: Called Strike
1-1: Ball
2-1: Foul Ball, location: 2F
2-2: Strikes out looking
Bottom of the 4th over - 2 runs, 2 hits, 0 errors, 0 left on base; Toronto 0 - Baltimore 2
TOP OF THE 5TH
Toronto Blue Jays batting - Pitching for Baltimore Orioles : LHP Silas Chinn
Batting: RHB Donny Burnside 0-0: Called Strike
0-1: Ball
1-1: Ground out 4-3 (Groundball, 4, EV 108.1 MPH)
Batting: LHB Michael Byrd 0-0: Ball
1-0: Ball
2-0: Called Strike
2-1: Ball
3-1: Swinging Strike
3-2: Fly out, F9 (Flyball, 9S, EV 79.4 MPH)
Batting: RHB Justin Powell 0-0: Ball
1-0: Ball
2-0: Swinging Strike
2-1: Foul Ball, location: 2F
2-2: Strikes out swinging
Top of the 5th over - 0 runs, 0 hits, 0 errors, 0 left on base; Toronto 0 - Baltimore 2
BOTTOM OF THE 5TH
Baltimore Orioles batting - Pitching for Toronto Blue Jays : RHP Tony Rios
Batting: RHB Marc Peckermark 0-0: Fly out, F9 (Flyball, 89D, EV 101.9 MPH)
Batting: LHB Jesus Lozano 0-0: Called Strike
0-1: Fly out, F8 (Flyball, 8RD, EV 102.5 MPH)
Batting: RHB Vince Jackson 0-0: Called Strike
0-1: Ground out 4-3 (Groundball, 4, EV 89.4 MPH)
Bottom of the 5th over - 0 runs, 0 hits, 0 errors, 0 left on base; Toronto 0 - Baltimore 2
TOP OF THE 6TH
Toronto Blue Jays batting - Pitching for Baltimore Orioles : LHP Silas Chinn
Batting: SHB Matt Altieri 0-0: Fly out, F7 (Flyball, 78M, EV 88.8 MPH)
Batting: RHB David Casas 0-0: Ball
1-0: SINGLE (Groundball, 4S, EV 99.4 MPH)
Batting: SHB Dylan Novakowski 0-0: Ball
1-0: Ball
2-0: Fielders Choice at 2nd, 2-6 (Groundball, 2R, EV 68.1 MPH)
Batting: RHB Kirk Arp 0-0: SINGLE (Groundball, 34S, EV 81.9 MPH) (infield hit)
Dylan Novakowski to second
Batting: LHB Nate Dean 0-0: SINGLE (Line Drive, 89S, EV 105.6 MPH)
Dylan Novakowski to third
Kirk Arp to second
Runner from 3rd tries for Home, SAFE, throw by RF to home
Batting: RHB Danny Burnside 0-0: Ball
1-0: Ball
2-0: Ball
3-0: Called Strike
3-1: Base on Balls
Kirk Arp to third
Nate Dean to second
Batting: RHB Donny Burnside 0-0: Swinging Strike
0-1: Ball
1-1: Fielders Choice at 2nd, 5-4 (Groundball, 56, EV 93.1 MPH)
Top of the 6th over - 1 run, 3 hits, 0 errors, 3 left on base; Toronto 1 - Baltimore 2
BOTTOM OF THE 6TH
Baltimore Orioles batting - Pitching for Toronto Blue Jays : RHP Tony Rios
Batting: SHB Jason Hayes 0-0: Ground out 6-3 (Groundball, 4M, EV 103.8 MPH)
Batting: RHB Rudo Garciaparra 0-0: Ball
1-0: Ball
2-0: Ball
3-0: Called Strike
3-1: Base on Balls
Batting: LHB Brad Pepin 0-0: Ball
1-0: Ball
2-0: 2-RUN HOME RUN (Flyball, 9LD, EV 95.0 MPH), Distance : 365 ft
Batting: SHB Robert Handy 0-0: Ball
1-0: Swinging Strike
1-1: Fly out, F6 (Popup, P, EV 75.6 MPH)
Batting: LHB Tommy Luce 0-0: Called Strike
0-1: Ground out 4-3 (Groundball, 4D, EV 102.5 MPH)
Bottom of the 6th over - 2 runs, 1 hit, 0 errors, 0 left on base; Toronto 1 - Baltimore 4
TOP OF THE 7TH
Toronto Blue Jays batting - Pitching for Baltimore Orioles : LHP Silas Chinn
Batting: LHB Michael Byrd 0-0: Ball
1-0: Ball
2-0: Ball
3-0: Called Strike
3-1: Foul Ball, location: 2F
3-2: SINGLE (Flyball, 78M, EV 90.0 MPH)
Batting: RHB Justin Powell 0-0: Ball
Michael Byrd is caught stealing 2nd base 2-4
1-0: DOUBLE (Flyball, 8RD, EV 104.4 MPH)
Batting: SHB Matt Altieri 0-0: Ball
1-0: Ball
2-0: Foul Ball, location: 2F
2-1: Ball
3-1: Called Strike
3-2: Strikes out swinging
Batting: RHB David Casas 0-0: Ball
1-0: Swinging Strike
1-1: Ball
2-1: Foul Ball, location: 2F
2-2: Ball
3-2: Fly out, F9 (Flyball, 89S, EV 92.5 MPH)
Top of the 7th over - 0 runs, 2 hits, 0 errors, 1 left on base; Toronto 1 - Baltimore 4
BOTTOM OF THE 7TH
Baltimore Orioles batting - Pitching for Toronto Blue Jays : RHP Tony Rios
Batting: SHB Gareth Busby 0-0: Called Strike
0-1: Swinging Strike
0-2: SINGLE (Flyball, 89S, EV 94.4 MPH)
Batting: RHB Marc Peckermark 0-0: Sac Bunt to 13 - play at first, batter OUT! 1-3
Gareth Busby to second
Batting: LHB Jesus Lozano 0-0: Called Strike
0-1: Ball
1-1: Called Strike
1-2: SINGLE (Groundball, 34D, EV 80.0 MPH) (infield hit)
Gareth Busby to third
Batting: RHB Vince Jackson 0-0: Called Strike
0-1: Foul Ball, location: 2F
0-2: Strikes out looking
Batting: SHB Jason Hayes 0-0: Swinging Strike
0-1: Called Strike
0-2: Ball
1-2: Foul Ball, location: 2F
1-2: Ball
2-2: Fly out, F5 (Popup, 5SF, EV 84.4 MPH)
Bottom of the 7th over - 0 runs, 2 hits, 0 errors, 2 left on base; Toronto 1 - Baltimore 4
TOP OF THE 8TH
Toronto Blue Jays batting - Pitching for Baltimore Orioles : LHP Silas Chinn
Pitching: RHP Jay Rapini
Batting: SHB Dylan Novakowski 0-0: Called Strike
0-1: Foul Ball, location: 2F
0-2: Ball
1-2: Fly out, F7 (Line Drive, 7, EV 93.8 MPH)
Batting: RHB Kirk Arp 0-0: Ball
1-0: Swinging Strike
1-1: Swinging Strike
1-2: Strikes out swinging
Batting: LHB Nate Dean 0-0: Ball
1-0: Called Strike
1-1: SINGLE (Line Drive, 7LS, EV 105.0 MPH)
Batting: RHB Danny Burnside 0-0: Ball
1-0: Called Strike
1-1: Swinging Strike
1-2: Strikes out swinging
Top of the 8th over - 0 runs, 1 hit, 0 errors, 1 left on base; Toronto 1 - Baltimore 4
BOTTOM OF THE 8TH
Baltimore Orioles batting - Pitching for Toronto Blue Jays : RHP Tony Rios
Batting: RHB Rudo Garciaparra 0-0: Ball
1-0: Called Strike
1-1: Ball
2-1: SOLO HOME RUN (Flyball, 7D, EV 98.8 MPH), Distance : 404 ft
Pitching: LHP Mario Amore
Batting: LHB Brad Pepin 0-0: Called Strike
0-1: Ball
1-1: Ball
2-1: Ball
3-1: Base on Balls
Batting: SHB Robert Handy 0-0: Called Strike
0-1: Foul Ball, location: 2F
0-2: Foul Ball, location: 2F
0-2: Strikes out swinging
Batting: LHB Tommy Luce 0-0: Ball
1-0: Swinging Strike
1-1: Foul Ball, location: 2F
1-2: Strikes out looking
Batting: SHB Gareth Busby 0-0: Ball
1-0: Called Strike
1-1: Ball
2-1: Ball
3-1: SINGLE (Groundball, 5S, EV 67.5 MPH) (infield hit)
Brad Pepin to second
Batting: RHB Marc Peckermark 0-0: Ball
1-0: Ball
2-0: Ball
3-0: Called Strike
3-1: Ground out 4-3 (Groundball, 4, EV 85.0 MPH)
Bottom of the 8th over - 1 run, 2 hits, 0 errors, 2 left on base; Toronto 1 - Baltimore 5
TOP OF THE 9TH
Toronto Blue Jays batting - Pitching for Baltimore Orioles : RHP Jay Rapini
Batting: RHB Donny Burnside 0-0: Ball
1-0: Ball
2-0: Ball
3-0: Called Strike
3-1: Base on Balls
Batting: LHB Michael Byrd 0-0: Fly out, F5 (Popup, 15, EV 70.6 MPH)
Pinch Hitting: LHB Jon Schick 0-0: Called Strike
0-1: Ball
1-1: Swinging Strike
1-2: SINGLE (Line Drive, 6D, EV 94.4 MPH)
Donny Burnside to second
Pitching: RHP Chris Dauphin
Batting: SHB Matt Altieri 0-0: Called Strike
0-1: Foul Ball, location: 2F
0-2: Foul Ball, location: 2F
0-2: Ball
1-2: Foul Ball, location: 2F
1-2: Fielders Choice at 2nd, 4-6 (Groundball, 4, EV 100.0 MPH)
Donny Burnside to third
Batting: RHB David Casas 0-0: Called Strike
0-1: Ball
1-1: Ball
2-1: Fielders Choice at 2nd, 6-4 (Groundball, 6, EV 96.9 MPH)
Top of the 9th over - 0 runs, 1 hit, 0 errors, 2 left on base; Toronto 1 - Baltimore 5
Thursday, December 15th , 2022 - OOTP Baseball 23.9 Build 102